 Dungeon Crawl Stone Soup version 0.30.1-3-gfc49f6343a (webtiles) character file.

Game seed: 4089478057075692292

5216 GeoRichter the Arsonist (level 10, -1/75 HPs)
             Began as a Demonspawn Fire Elementalist on Aug 8, 2023.
             Was a Believer of Kikubaaqudgha.
             Slain by a polar bear (2 damage)
             ... on level 8 of the Dungeon.
             The game lasted 00:13:43 (9678 turns).

GeoRichter the Arsonist (DsFE)                      Turns: 9678, Time: 00:13:44

Health: -1/75      AC:  3    Str: 12    XL:     10   Next: 35%
Magic:  11/15      EV: 17    Int: 30    God:    Kikubaaqudgha [**....]
Gold:   596        SH:  4    Dex: 14    Spells: 13/16 levels left

rFire   . . .        y - +10 great sword "Exeufob" {drain, *Corrode Str+5 Int+4}
rCold   . . .        (shield currently unavailable)
rNeg    . . .        a - +0 steam dragon scales
rPois   .            (no helmet)
rElec   .            (no cloak)
rCorr   .            m - +0 pair of gloves
SInv    .            r - +0 pair of boots
Will    .....        I - amulet of magic regeneration
Stlth   ++           n - ring of flight
HPRegen 0.32/turn    D - +6 ring of intelligence
MPRegen 0.54/turn

%: corrode self (3%)
@: agile, corroded, flying
A: large bone plates 1, powered by pain 1, demonic touch 1, robust 1, weak 1,
noise suppression
a: Renounce Religion, Unearth Wretches


You were on level 8 of the Dungeon.
You worshipped Kikubaaqudgha.
Kikubaaqudgha was pleased with you.
You visited 1 branch of the dungeon, and saw 8 of its levels.
You also visited: Ossuary.

You collected 596 gold pieces.

Inventory:

Hand Weapons
 y - the +10 great sword "Exeufob" (weapon) {drain, *Corrode Str+5 Int+4}
   (You found it on level 4 of the Dungeon)

   Str:       It affects your strength (+5).
   Int:       It affects your intelligence (+4).
   *Corrode:  It may corrode you when you take damage.
 M - a +4 dagger of venom
   (You took it off an orc wizard on level 8 of the Dungeon)
Missiles
 C - 2 silver javelins
Armour
 a - +0 steam dragon scales (worn)
   (You found it on level 8 of the Dungeon)
 m - a +0 pair of gloves (worn)
   (You found it on level 3 of the Dungeon)
 r - a +0 pair of boots (worn)
   (You found it on level 3 of the Dungeon)
 N - a +0 robe of resistance
   (You took it off an orc wizard on level 8 of the Dungeon)
Jewellery
 n - a ring of flight (left hand)
   (You took it off a hobgoblin on level 2 of the Dungeon)
 D - a +6 ring of intelligence (right hand)
   (You found it on level 5 of the Dungeon)
 I - an amulet of magic regeneration (around neck)
   (You found it on level 7 of the Dungeon)
Wands
 o - a wand of flame (12)
   (You found it on level 3 of the Dungeon)
 A - a wand of roots (7)
   (You took it off Grinder on level 6 of the Dungeon)
 H - a wand of charming (8)
   (You found it on level 7 of the Dungeon)
Scrolls
 c - 2 scrolls of identify {@r1}
 d - a scroll of vulnerability {!r}
 f - a scroll of torment {unknown}
 g - 4 scrolls of magic mapping
 i - 2 scrolls of noise {!r}
 j - 2 scrolls of blinking
 k - 8 scrolls of teleportation {@r4}
 l - a scroll of fear
 p - a scroll of enchant armour {unknown}
 t - 2 scrolls of poison {unknown}
 v - 3 scrolls of immolation {!r}
 w - a scroll of silence {unknown}
 x - a scroll of amnesia {unknown}
Potions
 b - 3 potions of magic
 e - 3 potions of heal wounds {@q2}
 h - a potion of haste {@q3}
 q - 2 potions of might {unknown}
 s - 5 potions of lignification {unknown}
 u - a potion of brilliance {unknown}
 z - 2 potions of degeneration {unknown}
 B - 4 potions of flight {unknown}
 E - 2 potions of mutation {!q}
 F - 2 potions of berserk rage {unknown}
 G - a potion of resistance {unknown}
 J - 2 potions of cancellation {unknown}
 K - a potion of attraction {unknown}
 L - 2 potions of curing {unknown}


   Skills:
 + Level 2.9 Fighting
 - Level 1.7 Dodging
 - Level 1.7 Stealth
 - Level 3.5 Spellcasting
 - Level 1.0 Conjurations
 * Level 4.7 Necromancy
 - Level 13.0 Fire Magic


You had 13 spell levels left.
You knew the following spells:

 Your Spells              Type           Power      Damage    Failure   Level
a - Foxfire               Conj/Fire      100%       2x1d9     1%          1
b - Scorch                Fire           100%       2d9       1%          2

Your spell library contained the following spells:

 Spells                   Type           Power      Damage    Failure   Level
 Kiss of Death            Conj/Necr      88%        2d12      1%          1
 Necrotise                Necr           100%       1d9       1%          1
 Inner Flame              Hex/Fire       44%        N/A       1%          3
 Volatile Blastmotes      Fire/Tloc      88%        2d17      1%          3
 Vampiric Draining        Necr           33%        2d8       3%          3
 Flame Wave               Conj/Fire      47%        2d12      3%          4
 Cigotuvi's Dreadful Rot  Necr/Pois/Air  28%        N/A       5%          2
 Ensorcelled Hibernation  Hex/Ice        10%        N/A       11%         2
 Passwall                 Tmut/Erth      4%         N/A       11%         2
 Swiftness                Air            5%         N/A       21%         3
 Cause Fear               Hex            2%         N/A       56%         4
 Dragon Form              Tmut           2%         N/A       100%        7
 Dragon's Call            Summ           2%         N/A       100%        9


Dungeon Overview and Level Annotations

Branches:
Dungeon (8/15) Zot: 25877  Temple (0/1) D:7         Ossuary (visited)
   Lair: D:8-11

Altars:
Cheibriados
Kikubaaqudgha
Trog

Shops:
D:1 *   D:4 (   D:6 *


Innate Abilities, Weirdness & Mutations

You are partially covered in large bone plates. (SH +4)
You sometimes gain a little power by taking damage.
Your touch may inflict minor irresistible damage on your foes.
You are robust. (+10% HP)
You are weak. (Str -2)
You passively dampen the noise of your surroundings.


Message History

Confirm with . or Enter, or press ? or * to list all spells.
Flames lash the wolf.
The wolf is heavily wounded.
The wolf's fire resistance burns away.
The wolf is engulfed in a cloud of scalding steam.
The polar bear goes berserk!
Casting: Scorch (safe; 1% risk of failure)
Confirm with . or Enter, or press ? or * to list all spells.
Flames lash the polar bear but do no damage.
The polar bear growls angrily.
The polar bear bites you! The polar bear misses you.
The polar bear claws you but does no damage.
The wolf bites you but does no damage.
Casting: Scorch (safe; 1% risk of failure)
Confirm with . or Enter, or press ? or * to list all spells.
Flames lash the polar bear.
The polar bear is burned terribly!
The polar bear is almost dead.
The polar bear closely misses you. The polar bear claws you.
The polar bear barely misses you. The wolf bites you.
Your corrosive artefact corrodes you!
The polar bear bites you!
* * * LOW HITPOINT WARNING * * *
You focus on the pain.
You feel agile all of a sudden. The polar bear claws you.
* * * LOW HITPOINT WARNING * * *
The polar bear misses you. The wolf bites you.
* * * LOW HITPOINT WARNING * * *
Casting: Scorch (safe; 1% risk of failure)
Confirm with . or Enter, or press ? or * to list all spells.
Flames lash the polar bear but do no damage.
The polar bear bites you!
* * * LOW HITPOINT WARNING * * *
You block the polar bear's attack. The polar bear claws you.
* * * LOW HITPOINT WARNING * * *
The wolf misses you.
Unknown command.
Casting: Scorch (safe; 1% risk of failure)
Confirm with . or Enter, or press ? or * to list all spells.
Flames lash the wolf.
The wolf is burned terribly!
You kill the wolf!
Kikubaaqudgha accepts your kill. The polar bear bites you!
* * * LOW HITPOINT WARNING * * *
You focus on the pain.
You feel your power returning. The polar bear claws you.
* * * LOW HITPOINT WARNING * * *
The polar bear claws you.
* * * LOW HITPOINT WARNING * * *
The polar bear closely misses you. The polar bear claws you.
You die...
Kikubaaqudgha rasps: "You have failed me!
Welcome... death!"

....#.##.....~~
....#.........≈~~~..#
#...........~~~~≈~..#
..............~~~~≈~.#
.###..........≈≈~§~..#
.#..#........~.~≈~~..##
#.............~.§..~..#
.#..#...........h†....#
..#.....).......@.....#
......###.....#.:..####
..[....#.......÷.....#
..##..###.###...#.h...#
..###.###....#####..8..#
..##...##.....## .....#
..#...###......# #.....
..#..####.###..# .....
..#..#.#...# ..# ....


You could see 2 polar bears.

Vanquished Creatures
  A two-headed ogre (D:8)
  A polar bear (D:8)
  Prince Ribbit (D:5)
  Grinder (D:6)
  Eustachio (D:6)
  7 yaks
  An unseen horror simulacrum (D:8)
  A steam dragon (D:8)
  A water moccasin (D:8)
  3 orc warriors
  2 black bears (D:6)
  5 ogres
  A wolf (D:8)
  A centaur (D:6)
  3 bullfrogs
  5 wights (D:7)
  An electric eel (D:8)
  2 jellies (D:7)
  5 orc priests
  3 hounds
  A gnoll bouda (D:5)
  A sleepcap (D:7)
  4 iguanas
  6 orc wizards
  2 centaur simulacra (D:8)
  8 mummies (Ossuary)
  A killer bee simulacrum (D:8)
  7 gnolls
  5 adders
  2 shadow imps (D:6)
  8 white imps
  An ufetubus (D:5)
  5 worms
  4 dart slugs
  24 orcs
  6 ball pythons
  4 endoplasms
  3 giant cockroaches
  3 gnoll zombies (Ossuary)
  2 goblins (D:1)
  8 hobgoblins
  2 jackals (D:4)
  4 quokkas
  8 bats
  5 frilled lizards
  A hobgoblin zombie (Ossuary)
  7 kobolds
  A kobold zombie (Ossuary)
  3 orc zombies (Ossuary)
  7 rats
189 creatures vanquished.

Vanquished Creatures (others)
  290 foxfires
290 creatures vanquished.

Grand Total: 479 creatures vanquished

Notes
Turn   | Place    | Note
-------+----------+-------------------------------------------
     0 | D:1      | GeoRichter the Demonspawn Fire Elementalist began the quest
                  | for the Orb.
     0 | D:1      | Reached XP level 1. HP: 13/13 MP: 3/3
   381 | D:1      | Reached skill level 3 in Fire Magic
   467 | D:1      | Gained mutation: You sometimes gain a little power by
                  | taking damage. [demonic ancestry]
   467 | D:1      | Reached XP level 2. HP: 18/19 MP: 1/5
   865 | D:1      | Found Esownet's Assorted Antiques.
  1241 | D:1      | Learned a level 2 spell: Scorch
  1289 | D:2      | Reached XP level 3. HP: 19/24 MP: 0/6
  1659 | D:2      | Reached skill level 4 in Fire Magic
  1685 | D:2      | Reached XP level 4. HP: 30/30 MP: 3/8
  2392 | D:2      | Found a faded altar of an unknown god.
  3550 | D:4      | Gained mutation: You are partially covered in large bone
                  | plates. (SH +4) [demonic ancestry]
  3550 | D:4      | Reached XP level 5. HP: 35/35 MP: 2/9
  3930 | D:4      | Reached skill level 5 in Fire Magic
  4038 | D:4      | Identified the +10 great sword "Exeufob" {drain, *Corrode
                  | Str+5 Int+4}
  4330 | D:4      | Found Zeaptab's Firing Range.
  4566 | D:5      | Entered Level 5 of the Dungeon
  4576 | D:5      | Noticed Prince Ribbit
  4576 | D:5      | Noticed an ogre
  4796 | D:5      | Noticed an ogre
  4803 | D:5      | Killed an ogre
  4804 | D:5      | Reached XP level 6. HP: 41/41 MP: 4/11
  4951 | D:5      | Reached skill level 6 in Fire Magic
  4953 | D:5      | Killed Prince Ribbit
  4954 | D:5      | Reached skill level 7 in Fire Magic
  4954 | D:5      | Reached XP level 7. HP: 39/46 MP: 0/12
  5495 | D:6      | Noticed a yak
  5506 | D:6      | Killed a yak
  5507 | D:6      | Reached skill level 8 in Fire Magic
  5578 | D:6      | Noticed a yak
  5578 | D:6      | Noticed a yak
  5579 | D:6      | Noticed a yak
  5601 | D:5      | Killed a yak
  5602 | D:5      | Gained mutation: Your touch may inflict minor irresistible
                  | damage on your foes. [demonic ancestry]
  5602 | D:5      | Reached XP level 8. HP: 34/52 MP: 1/13
  5976 | D:6      | Reached skill level 9 in Fire Magic
  6294 | D:6      | Noticed Eustachio
  6317 | D:6      | Killed Eustachio
  6318 | D:6      | Reached skill level 10 in Fire Magic
  6466 | D:6      | Noticed Grinder
  6491 | D:6      | Killed Grinder
  6492 | D:6      | Reached XP level 9. HP: 57/57 MP: 1/14
  6606 | D:6      | Reached skill level 11 in Fire Magic
  6808 | D:6      | Found Ruoguf's Overcharged Wands.
  7363 | D:7      | Gained mutation: You are weak. (Str -2) [potion of
                  | mutation]
  7363 | D:7      | Gained mutation: You passively dampen the noise of your
                  | surroundings. [potion of mutation]
  7363 | D:7      | Gained mutation: You are robust. (+10% HP) [potion of
                  | mutation]
  7841 | D:7      | Found a snail-covered altar of Cheibriados.
  7843 | D:7      | Found an ancient bone altar of Kikubaaqudgha.
  7935 | D:7      | Found a staircase to the Ecumenical Temple.
  7959 | D:7      | Became a worshipper of Kikubaaqudgha
  8111 | D:7      | Reached skill level 12 in Fire Magic
  8255 | D:7      | Noticed a moth of wrath
  8258 | D:7      | Found a bloodstained altar of Trog.
  8336 | D:8      | Found a sand-covered staircase.
  8340 | Ossuary  | Entered an ossuary
  8500 | Ossuary  | Reached * piety under Kikubaaqudgha
  8500 | Ossuary  | Received a gift from Kikubaaqudgha
  8767 | D:8      | Noticed a polar bear
  8780 | D:8      | Killed a polar bear
  8823 | D:8      | Reached skill level 13 in Fire Magic
  8850 | D:8      | Reached XP level 10. HP: 44/69 MP: 13/15
  9034 | D:8      | Noticed a two-headed ogre
  9045 | D:8      | Killed a two-headed ogre
  9046 | D:8      | Reached skill level 1 in Fighting
  9621 | D:8      | Reached ** piety under Kikubaaqudgha
  9678 | D:8      | HP: 1/75 [polar bear (5)]
  9678 | D:8      | Slain by a polar bear

Illustrated notes

Levels and vault maps discovered:
D:1:      nzn_arrival_crosshair, layout_basic, serial_shops,
          nicolae_shop_back_alley_shop
D:2:      layout_loops_ring, ebering_ecumenical_altar_hall
D:3:      layout_basic, minmay_door_square, st_stairs_14
D:4:      layout_basic, nicolae_shop_firing_range
D:5:      layout_loops_cross, uniq_prince_ribbit1
D:6:      layout_basic, palyth_stone_intersect, grunt_decor_mini_mirrors,
          nicolae_shop_overcharged_wands, uniq_eustachio, uniq_grinder
D:7:      layout_rooms, grunt_temple_overflow_open, tgw_trog,
          minmay_temple_entry_trees
D:8:      layout_cave_pools, lightli_ossuary_entry_decrepit_ruins,
          gammafunk_ghost_necromancy, serial_ice, serial_ice_g, serial_ice_o,
          serial_ice_f, serial_ice_i, minmay_statues_item,
          chequers_guarded_unrand_ignorance

Skill      XL: |  1  2  3  4  5  6  7  8  9 10 |
---------------+-------------------------------+-----
Fire Magic     | 3 4 5 7 8 10 13 | 13.0
Spellcasting   | 3 |  3.5
Fighting       | 2 |  2.9
Necromancy     | 4 |  4.7
Dodging        | |  1.7
Stealth        | |  1.7
Conjurations   | |  1.0

Action                     |  1- 3 |  4- 6 |  7- 9 | 10-12 || total
---------------------------+-------+-------+-------+-------++-------
  Melee: Short sword       |    18 |    29 |       |       ||    47
         Great sword       |       |       |    22 |       ||    22
   Cast: Foxfire           |    55 |    24 |    76 |    16 ||   171
         Scorch            |     1 |    56 |   156 |    41 ||   254
  Evoke: Wand              |       |       |     1 |       ||     1
    Use: Scroll            |     4 |     1 |     4 |     2 ||    11
         Potion            |       |     1 |     3 |       ||     4
   Stab: Sleeping          |     1 |       |       |       ||     1
 Armour: Robe              |    11 |    11 |     7 |       ||    29
         Steam dragon scal |       |       |       |     5 ||     5
  Dodge: Dodged            |    30 |    21 |    32 |    21 ||   104
  Block: Other             |       |     8 |    17 |     5 ||    30
